Map: Turbo Cruise '84 LE

Players

SpeCial

  • Race: Terran Terran
  • Spawn Location: 7:00

ShoWTimE - Winner!

  • Race: Protoss Protoss
  • Spawn Location: 3:00

Event: 2019 WCS Summer

VOD

Have the link to the VOD?

Description

Time

  • Played on: July 12, 2019, 2:14 p.m.
  • Length: 23:24

All games in this series

Show
View Real Time Build Order
Export as new Build Order

SpeCial Terran 

Build Orders:  

Get SALT Encoding   

  12  0:00  SCV  
  13  0:13  SCV  
  14  0:17  Supply Depot  
  14  0:25  SCV  
  15  0:39  SCV  
  15  0:41  Barracks  
  16  0:45  Refinery  
  16  0:51  SCV  
  16  0:56  Refinery  
  17  1:03  SCV  
  18  1:15  SCV  
  19  1:28  Orbital Command, Reaper  
  20  1:37  Supply Depot  
  20  1:45  Factory  
  20  1:53  SCV  
  21  2:00  Reaper  
  22  2:06  SCV  
  23  2:18  SCV  
  24  2:25  Command Center  
  24  2:29  Hellion  
  26  2:33  SCV  
  27  2:40  Starport  
  27  2:45  SCV  
  27  2:50  Supply Depot  
  28  2:53  Widow Mine  
  28  2:55  Barracks Reactor  
  30  2:59  SCV  
  31  3:11  SCV  
  32  3:15  Widow Mine  
  34  3:22  Viking  
  34  3:23  SCV  
  37  3:32  Marine  
  37  3:33  Marine  
  39  3:37  SCV  
  39  3:41  Orbital Command  
  40  3:43  Widow Mine  
  41  3:49  SCV  
  41  3:50  Marine x2  
  43  4:00  Barracks  
  43  4:01  SCV  
  43  4:02  Barracks  
  44  4:08  Marine, SCV  
  46  4:12  Factory Tech Lab, Marine  
  46  4:13  SCV  
  48  4:20  SCV  
  49  4:25  SCV, Supply Depot  
  50  4:32  SCV  
  50  4:35  Refinery  
  50  4:36  Engineering Bay  
  50  4:37  Marine, SCV  
  53  4:39  Marine  
  53  4:44  Starport Tech Lab  
  54  4:47  Siege Tank, SCV  
  54  4:49  SCV  
  59  4:54  Marine x3  
  62  5:11  Terran Infantry Weapons Level 1  
  62  5:13  Supply Depot  
  62  5:18  Missile Turret  
  62  5:20  SCV x2  
  62  5:25  Starport Reactor  
  62  5:28  Barracks Tech Lab  
  62  5:32  Stimpack  
  62  5:35  Siege Tank, Marine x3, SCV x2  
  70  5:36  Supply Depot  
  70  5:41  Refinery  
  70  5:42  Supply Depot  
  70  5:46  Supply Depot  
  70  5:47  Combat Shield  
  70  5:57  Marine x2  
  70  5:58  Marauder x2, SCV x2  
  70  6:02  Medivac  
  70  6:04  Supply Depot, Medivac  
  80  6:09  Siege Tank  
  80  6:10  SCV x2  
  85  6:21  Marine x2  
  85  6:22  Marauder x2, SCV x2  
  91  6:25  Supply Depot  
  91  6:31  Supply Depot  
  89  6:34  SCV x2  
  89  6:36  Medivac  
  89  6:37  Medivac  
  95  6:41  Siege Tank  
  95  6:43  Missile Turret  
  95  6:45  Marine  
  95  6:46  Marine  
  100  6:48  Marauder x2  
  100  6:54  Supply Depot  
  104  7:03  Marine x2  
  106  7:09  Marauder  
  106  7:10  Marauder, Liberator  
  106  7:14  Liberator  
  106  7:15  Command Center  
  110  7:21  Marine x2  
  110  7:22  Concussive Shells  
  112  7:24  Supply Depot  
  112  7:25  Widow Mine  
  117  7:31  Marauder x2  
  124  7:39  Marine x2, Terran Infantry Armor Level 1  
  126  7:45  SCV  
  126  7:50  SCV  
  127  7:52  Marine x2  
  127  7:53  Liberator  
  127  7:56  Liberator  
  127  7:58  SCV  
  124  8:10  Marauder x2  
  128  8:12  Marine x2  
  133  8:26  SCV  
  133  8:27  Barracks, Orbital Command, SCV  
  131  8:29  Barracks  
  134  8:34  Siege Tank  
  134  8:36  Liberator  
  126  8:42  Marine x2  
  126  8:45  Missile Turret  
  126  8:48  Marauder x2, SCV x2  
  130  8:53  Missile Turret  
  134  9:03  Marine x2  
  134  9:06  SCV  
  134  9:09  Marauder x2  
  141  9:14  SCV  
  135  9:20  SCV x2  
  135  9:21  Missile Turret  
  137  9:25  Marine x2  
  137  9:27  Barracks Reactor, Barracks Tech Lab  
  137  9:28  SCV  
  137  9:30  Marauder  
  137  9:31  Marauder  
  142  9:35  Supply Depot  
  139  9:43  Marine x2  
  139  9:45  Siege Tank  
  143  9:50  Marauder  
  143  9:52  Marauder x2  
  119  10:01  Marine x2  
  119  10:03  SCV  
  107  10:11  Marauder, SCV x2  
  107  10:13  Marauder, Marine  
  114  10:16  SCV  
  114  10:17  Medivac x2  
  114  10:18  Marine  
  115  10:23  SCV  
  115  10:24  SCV  
  115  10:26  Marine  
  119  10:31  Marauder  
  119  10:35  Refinery  
  121  10:36  Refinery  
  121  10:40  Factory  
  120  10:45  Sensor Tower  
  120  10:46  Siege Tank  
  120  10:49  Medivac x2  
  127  10:57  Armory  
  127  11:09  Command Center  
  127  11:12  Marine  
  127  11:13  Marine x3  
  127  11:15  Engineering Bay  
  127  11:16  Marauder  
  130  11:22  SCV x3  
  133  11:34  SCV  
  132  11:40  Marine x4  
  132  11:43  Factory Tech Lab, Siege Tank  
  132  11:46  Marauder, Medivac  
  132  11:47  Medivac  
  145  11:52  Terran Infantry Weapons Level 2, Supply Depot  
  145  11:53  Terran Infantry Armor Level 2  
  145  11:54  Supply Depot  
  142  11:55  Terran Vehicle Weapons Level 1  
  142  12:03  Missile Turret  
  142  12:04  Marine x3  
  142  12:05  Marauder  
  147  12:14  Siege Tank  
  153  12:15  Siege Tank  
  153  12:20  Marauder, Marine x2, Supply Depot  
  153  12:22  Marine x2  
  158  12:23  Supply Depot  
  158  12:25  SCV x3  
  161  12:34  Factory  
  161  12:37  Marine x2, SCV  
  161  12:38  Marine  
  161  12:40  Ghost Academy  
  161  12:41  Supply Depot  
  162  12:46  Siege Tank  
  157  12:52  Siege Tank  
  157  12:58  Marine x3  
  154  13:02  Missile Turret, SCV x2  
  159  13:16  Marine x2, Ghost x3  
  159  13:17  Marine  
  159  13:18  Siege Tank  
  159  13:19  SCV  
  169  13:21  Marine  
  169  13:24  Siege Tank  
  172  13:31  Factory Tech Lab  
  172  13:34  Marine  
  172  13:35  Missile Turret  
  172  13:36  SCV  
  172  13:38  Marine  
  175  13:45  Marine, Marauder  
  175  13:46  Marine, Marauder, Ghost  
  183  13:52  Marine  
  183  13:55  SCV x2  
  186  13:57  Planetary Fortress  
  186  14:04  Marine  
  186  14:07  Marauder x2  
  185  14:18  Terran Infantry Weapons Level 3, Supply Depot  
  185  14:21  Siege Tank  
  188  14:39  Siege Tank, Marine  
  188  14:40  Marauder, Terran Infantry Armor Level 3, Supply Depot  
  188  14:41  Supply Depot  
  192  14:50  Siege Tank  
  195  14:53  Terran Vehicle Weapons Level 2  
  195  14:54  Marine  
  195  14:55  Orbital Command  
  195  14:58  Marine  
  196  15:02  Marine x2  
  196  15:03  Marauder x2, Marine  
  200  15:12  Missile Turret  
  200  15:14  Missile Turret  
  200  15:22  Supply Depot  
  200  15:23  Missile Turret  
  200  15:54  Supply Depot  
  196  16:08  SCV x2  
  198  16:13  Marine  
  198  16:14  Marauder  
  197  16:24  Siege Tank  
  195  16:30  Marine  
  195  16:31  Marauder, Marine  
  195  16:32  Siege Tank x2  
  194  16:37  Marauder  
  194  16:39  Marauder, Marine  
  185  16:44  SCV x2  
  184  16:47  Marine  
  184  16:48  Marine  
  186  16:56  Siege Tank  
  182  17:04  Siege Tank  
  182  17:05  Starport Tech Lab  
  173  17:14  Siege Tank  
  152  17:27  Orbital Command  
  152  17:28  Siege Tank, Marine x2  
  152  17:29  Raven, Marine x3  
  162  17:30  Command Center  
  162  17:32  SCV  
  162  17:34  Sensor Tower  
  162  17:36  Refinery x2  
  163  17:42  Marine x2  
  166  17:46  Marine x2  
  166  17:47  Marine x3  
  161  18:00  Marine x2  
  161  18:04  Marine x2  
  164  18:08  Marine  
  164  18:09  Marine  
  162  18:16  Marine  
  162  18:17  Marine  
  162  18:18  Marine  
  147  18:22  Marine x2, Missile Turret  
  147  18:26  Marine x2  
  151  18:29  SCV x2  
  153  18:34  Marine  
  153  18:35  Marine  
  153  18:36  Marine  
  153  18:39  Marine x2  
  153  18:41  SCV  
  156  18:46  Marine  
  156  18:47  Marine  
  154  18:52  Ghost  
  154  18:53  Marine  
  154  18:55  SCV x2  
  159  19:00  Supply Depot  
  159  19:07  SCV  
  160  19:13  Marine x3  
  160  19:14  Marine  
  160  19:16  Marine  
  160  19:17  Marine  
  165  19:18  SCV  
  165  19:19  SCV  
  165  19:20  Ghost  
  165  19:22  SCV  
  168  19:26  Refinery x2  
  168  19:31  Marine x3  
  169  19:32  Marine  
  169  19:34  Marine, Marauder, SCV  
  164  19:48  Siege Tank  
  160  19:54  Marine  
  160  19:55  Marauder  
  160  19:57  SCV x2  
  165  20:03  Marauder, Marine x2  
  165  20:04  Marine  
  170  20:08  Marine  
  170  20:09  SCV  
  170  20:15  Ghost  
  161  20:22  Orbital Command  
  161  20:24  Siege Tank, Marine  
  161  20:26  Marine  
  131  20:38  Marine x4  
  131  20:42  Marine  
  133  20:44  Marine  
  129  21:01  SCV  
  119  21:04  Missile Turret  
  83  22:06  Sensor Tower  
  83  22:16  Supply Depot  
  60  22:57  Orbital Command  
Show
View Real Time Build Order
Export as new Build Order

ShoWTimE Protoss - Winner!

Build Orders: 1 Gate Expand, Phoenix Opening, Colossus Rush 

Get SALT Encoding   

  12  0:00  Probe  
  13  0:12  Probe  
  14  0:18  Pylon  
  14  0:24  Probe  
  15  0:32  Probe  
  15  0:37  Gateway  
  15  0:40  Probe  
  16  0:46  Assimilator  
  17  0:51  Probe  
  18  1:03  Probe  
  19  1:15  Probe  
  20  1:23  Cybernetics Core  
  20  1:33  Nexus  
  20  1:42  Pylon  
  20  1:44  Probe  
  21  1:50  Assimilator, Adept  
  21  1:56  Probe  
  24  2:08  Probe  
  24  2:13  Adept  
  24  2:19  Stargate  
  24  2:20  Probe  
  27  2:32  Probe  
  27  2:33  Warp Gate  
  28  2:41  Shield Battery  
  28  2:45  Probe x2  
  30  2:52  Adept  
  30  2:56  Phoenix  
  30  2:57  Probe x2  
  36  3:09  Probe x2  
  38  3:16  Phoenix  
  37  3:21  Probe  
  40  3:30  Probe  
  40  3:33  Probe, Pylon  
  42  3:39  Phoenix  
  42  3:41  Probe  
  42  3:45  Probe  
  46  3:49  Probe  
  47  3:57  Probe  
  47  3:58  Probe, Pylon  
  47  4:02  Robotics Facility  
  49  4:08  Probe  
  49  4:09  Probe  
  50  4:14  Phoenix  
  50  4:16  Assimilator  
  53  4:19  Assimilator  
  53  4:20  Probe  
  53  4:21  Probe  
  53  4:31  Gateway  
  53  4:32  Probe  
  53  4:33  Probe  
  53  4:35  Gateway  
  55  4:45  Probe  
  56  4:52  Observer, Pylon  
  57  4:55  Robotics Bay  
  57  4:57  Probe  
  57  5:00  Adept  
  57  5:06  Probe  
  57  5:09  Probe  
  57  5:10  Immortal  
  55  5:18  Probe  
  55  5:21  Probe  
  61  5:28  Sentry  
  61  5:29  Pylon  
  61  5:30  Probe  
  61  5:33  Probe  
  65  5:38  Zealot x2  
  65  5:39  Pylon  
  69  5:43  Colossus  
  69  5:44  Observer  
  69  5:45  Probe  
  70  5:51  Extended Thermal Lance, Pylon  
  76  6:02  Sentry  
  78  6:08  Observer  
  78  6:14  Nexus  
  78  6:17  Probe  
  78  6:18  Probe  
  80  6:24  Pylon  
  80  6:26  Colossus  
  80  6:29  Probe  
  80  6:30  Probe  
  88  6:40  Zealot  
  88  6:41  Probe  
  88  6:42  Probe  
  92  6:50  Forge  
  92  6:51  Twilight Council  
  92  6:53  Probe  
  93  6:55  Stalker  
  95  7:05  Sentry  
  95  7:06  Sentry  
  99  7:11  Probe x2  
  99  7:12  Shield Battery  
  99  7:13  Charge  
  99  7:15  Pylon  
  100  7:27  Pylon  
  104  7:39  Colossus  
  104  7:40  Stalker x2, Protoss Ground Armor Level 1  
  104  7:42  Stalker  
  107  7:44  Probe  
  107  7:45  Probe  
  107  7:53  Pylon  
  102  8:00  Probe x2  
  102  8:05  Zealot x3  
  109  8:17  Shield Battery  
  109  8:19  Gateway  
  107  8:22  Gateway  
  107  8:24  Disruptor, Probe x2  
  109  8:27  Zealot x2  
  109  8:28  Zealot  
  115  8:39  Shield Battery  
  116  8:46  Gateway  
  116  8:48  Stalker x2  
  120  8:49  Pylon  
  120  8:50  Disruptor  
  120  8:53  Stalker  
  123  9:05  Shield Battery  
  123  9:07  Pylon  
  123  9:13  Zealot x2  
  123  9:14  Disruptor, Zealot, Void Ray  
  129  9:21  Shield Battery  
  133  9:26  Zealot  
  133  9:30  Zealot  
  138  9:37  Zealot x2  
  141  9:43  Zealot  
  139  9:47  Zealot  
  133  9:55  Stalker  
  133  9:59  Stalker x2  
  105  10:01  Colossus  
  105  10:05  Stalker  
  105  10:06  Probe  
  89  10:11  Stalker, Blink  
  89  10:24  Zealot x3  
  89  10:25  Probe x2  
  89  10:26  Probe  
  98  10:30  Protoss Ground Weapons Level 1  
  98  10:31  Assimilator  
  98  10:33  Assimilator  
  98  10:37  Probe x2  
  98  10:38  Probe  
  98  10:42  Zealot x2  
  105  10:45  Gateway  
  105  10:47  Sentry, Zealot  
  109  10:50  Photon Cannon  
  109  11:01  Pylon  
  109  11:04  Stalker x2  
  109  11:05  Stalker  
  114  11:16  Colossus  
  119  11:26  Zealot x3  
  125  11:40  Stalker x2  
  125  11:41  Stalker x2  
  133  11:50  Pylon  
  133  11:54  Nexus  
  133  11:56  Pylon  
  133  11:59  Forge  
  133  12:01  Probe x3  
  136  12:10  Zealot x2  
  136  12:11  Templar Archives  
  140  12:15  Zealot  
  140  12:16  Zealot  
  140  12:20  Warp Prism  
  146  12:24  Protoss Ground Weapons Level 2  
  146  12:28  Stalker  
  146  12:31  Stalker  
  146  12:34  Probe x2  
  146  12:35  Probe  
  151  12:41  Sentry x2  
  155  12:46  Probe  
  155  12:47  Probe  
  157  12:52  Pylon  
  157  12:54  Pylon  
  157  12:56  Protoss Ground Armor Level 2  
  155  13:03  Zealot  
  157  13:11  Probe x3  
  160  13:15  Assimilator  
  160  13:17  Assimilator  
  160  13:19  High Templar  
  162  13:20  High Templar x3  
  162  13:23  Probe x3  
  162  13:24  Archon x2  
  171  13:28  Photon Cannon  
  171  13:29  Dark Shrine  
  171  13:30  Photon Cannon  
  171  13:49  Zealot x3  
  171  13:52  Zealot x4  
  171  13:54  Gateway  
  183  14:06  Probe x3, Pylon  
  183  14:08  Phoenix  
  182  14:16  Pylon  
  178  14:18  Probe, Pylon  
  178  14:20  Psionic Storm  
  178  14:22  Shadow Stride  
  179  14:25  Immortal  
  179  14:26  Shield Battery  
  179  14:27  Zealot, Shield Battery  
  179  14:28  Zealot x6  
  195  14:47  Dark Templar  
  195  14:48  Dark Templar x2  
  199  15:00  Gateway  
  199  15:02  Gateway  
  191  15:15  Zealot x5  
  191  15:18  Probe  
  191  15:20  Protoss Ground Weapons Level 3, Protoss Ground Armor Level 3  
  198  15:29  Gateway  
  198  15:31  Gateway  
  198  15:32  Gateway  
  194  15:43  Zealot  
  187  15:50  Colossus  
  187  15:55  High Templar x2  
  187  15:56  High Templar  
  187  16:04  Gateway  
  187  16:09  Dark Templar  
  189  16:11  High Templar  
  189  16:12  High Templar x3  
  192  16:32  Nexus  
  186  16:35  Dark Templar x3  
  191  16:41  Probe x3  
  191  16:43  Assimilator  
  194  16:56  Nexus  
  194  16:59  Pylon  
  190  17:01  Disruptor  
  185  17:13  Zealot x8  
  139  17:29  Colossus  
  139  17:34  Zealot  
  139  17:35  Zealot x7  
  155  17:38  Void Ray  
  165  17:58  Stalker x7, Pylon  
  167  17:59  Stalker, Zealot x4  
  180  18:09  Dark Templar x2  
  158  18:14  Colossus  
  154  18:21  Shield Battery  
  160  18:31  Assimilator  
  160  18:33  Assimilator  
  160  18:36  Dark Templar x2, Pylon  
  160  18:37  Zealot x5  
  160  18:38  Shield Battery  
  160  18:40  Shield Battery  
  159  18:54  Zealot x5  
  159  18:55  Zealot  
  169  18:59  High Templar x2  
  169  19:00  High Templar x3  
  179  19:07  Archon, Immortal  
  177  19:10  Dark Templar  
  179  19:18  High Templar, Protoss Shields Level 1  
  179  19:19  High Templar  
  179  19:24  Archon  
  187  19:35  Zealot x7  
  193  19:47  Warp Prism  
  191  19:55  Zealot x5  
  197  20:07  Photon Cannon  
  197  20:08  Photon Cannon  
  197  20:10  Photon Cannon  
  197  20:11  High Templar  
  199  20:15  Nexus  
  197  20:24  Assimilator  
  197  20:30  High Templar x3  
  197  20:31  Zealot x2  
  197  20:32  Zealot  
  191  20:45  High Templar x3  
  191  20:46  Zealot x2  
  168  21:01  Nexus  
  168  21:03  Zealot x8  
  158  21:52  Zealot  
  124  22:02  Assimilator  
  124  22:12  Sentry  
  124  22:13  Probe  
  124  22:14  Probe  
  128  22:18  Probe  
  127  22:27  Probe  
  124  22:32  Probe  
  123  22:42  High Templar  
  66  23:21  Archon  
Tags
 
Add a new tag
Caveats
  • Supply blocks, unpowered buildings, or Contaminate may cause inaccurate times.
  • Supply counts are checked every 10 seconds.